 Dungeon Crawl Stone Soup version 0.28.0-43-g3370ac3207 (webtiles) character file.

Game seed: 5527769179724012233

332 Peloso the Covered (level 6, -2/53 HPs)
             Began as a Minotaur Fighter on Mar 4, 2022.
             Killed from afar by Dowan (5 damage)
             ... with a puff of flame
             ... on level 4 of the Dungeon.
             The game lasted 00:04:05 (2425 turns).

Peloso the Covered (Minotaur Fighter)               Turns: 2425, Time: 00:04:06

Health: -2/53      AC:  9    Str: 20    XL:     6   Next: 26%
Magic:  5/5        EV: 10    Int:  5    God:
Gold:   80         SH:  5    Dex: 12    Spells: 5/5 levels left

rFire   . . .      SeeInvis .   b - +0 long sword
rCold   . . .      Faith    .   c - +0 buckler
rNeg    . . .      Spirit   .   m - +0 scale mail
rPois   +          Reflect  .   (helmet restricted)
rElec   .          Harm     .   (no cloak)
rCorr   .          Rampage  .   (no gloves)
Will    .....                   (no boots)
Stlth   ..........              (no amulet)
HPRegen 0.17/turn               (no ring)
MPRegen 0.09/turn               (no ring)

@: mighty, brilliant, lit by a corona, glowing
A: horns 2, retaliatory headbutt, iridescent scales 1, poison resistance,
MP-powered wands
a: no special abilities


You were on level 4 of the Dungeon.
You visited 1 branch of the dungeon, and saw 4 of its levels.

You collected 80 gold pieces.

Inventory:

Hand Weapons
 b - a +0 long sword (weapon)
Armour
 c - a +0 buckler (worn)
 m - a +0 scale mail (worn)
Jewellery
 e - a ring of ice
 f - a +6 ring of intelligence
Wands
 k - a wand of digging (6)
Scrolls
 g - 2 scrolls of identify {unknown}
 i - a scroll of fear {unknown}
 j - a scroll of magic mapping {unknown}
 l - a scroll of fog {unknown}
Potions
 d - 3 potions of might
 h - 3 potions of mutation


   Skills:
 + Level 4.6 Fighting
 + Level 5.1 Long Blades
 + Level 5.4 Armour
 + Level 1.7 Dodging
 + Level 0.3 Stealth
 + Level 4.4 Shields


You had 5 spell levels left.
You didn't know any spells.
Your spell library contained the following spells:

 Spells                   Type           Power      Damage    Failure   Level
 Magic Dart               Conj           0%         1d3       88%         1
 Searing Ray              Conj           0%         2d4       95%         2
 Fulminant Prism          Conj/Hex       0%         3d6       100%        4


Dungeon Overview and Level Annotations

Branches:
Dungeon (3/15)

Altars:

Annotations:
D:4 Dowan


Innate Abilities, Weirdness & Mutations

You have a pair of horns on your head.
You reflexively headbutt those who attack you in melee.
You are partially covered in iridescent scales. (AC +2)
Your system is resistant to poisons. (rPois)
You expend magic power (3 MP) to strengthen your wands.


Message History

Duvessa hits you but does no damage. Dowan hits you but does no damage.
Duvessa hits you with a +1 short sword of protection.
* * * LOW HITPOINT WARNING * * *
You hit Duvessa.
Duvessa is severely wounded.
Dowan says, "Magic and the sword, together, will defeat you."
Dowan points at you and mumbles some strange words.
The puff of flame hits you.
* * * LOW HITPOINT WARNING * * *
Duvessa zaps a wand.
You block the puff of flame. Dowan casts a spell at you.
The puff of flame hits you.
* * * LOW HITPOINT WARNING * * *
Unknown command.
You closely miss Duvessa. You headbutt Duvessa.
Duvessa is almost dead.
Duvessa says, "My weaknesses are his strengths!"
You block Duvessa's attack. Dowan gestures at you while chanting.
You are outlined in light.
Unknown command.
It was a potion of mutation.
You feel extremely strange.
Iridescent scales grow over part of your body.
You feel resistant to poisons.
You feel your magical essence link to the dungeon's wands.
Duvessa hits you with a +1 short sword of protection.
* * * LOW HITPOINT WARNING * * *
Dowan says, "Stay away from my face!"
Dowan zaps a wand.
The puff of flame misses you.
It was a potion of brilliance.
You feel clever all of a sudden. You block Duvessa's attack.
Dowan closely misses you. You furiously retaliate!
You headbutt Dowan! You closely miss Duvessa. You headbutt Duvessa.
You kill Duvessa!
Dowan screams, "No!
Oh no!"
Dowan seems to find hidden reserves of power!
Dowan casts a spell.
Dowan blinks!
Dowan zaps a wand.
The puff of flame hits you.
You die...

#†.##.........
#.......##..# .
##).##...##..##. #
##.........#.... ..
####....###...#..# ...
#.......###...#..# ....
.................##...e.
....>...........)§......
##.##.#.###...##@####..
.. .....##...##.# ###
#.#..##...##.#
.....##...##.# .#
.##...##.# ##...##.#
#... #.# #.#


You could see Dowan (fast).

Vanquished Creatures
  Grinder (D:3)
  Duvessa (D:4)
  A bullfrog skeleton (D:4)
  Robin (D:2)
  4 adders
  3 endoplasms
  A giant cockroach (D:2)
  12 goblins
  7 hobgoblins
  4 jackals
  5 quokkas
  4 ball pythons
  5 bats
  3 frilled lizards
  5 kobolds
  3 rats
60 creatures vanquished.

Notes
Turn   | Place    | Note
-------+----------+-------------------------------------------
     0 | D:1      | Peloso the Minotaur Fighter began the quest for the Orb.
     0 | D:1      | Reached XP level 1. HP: 19/19 MP: 0/0
   125 | D:1      | Reached XP level 2. HP: 22/27 MP: 1/1
   780 | D:2      | Noticed Robin
   783 | D:2      | Reached XP level 3. HP: 30/33 MP: 2/2
   785 | D:2      | Killed Robin
   977 | D:2      | Found a faded altar of an unknown god.
  1008 | D:2      | Reached XP level 4. HP: 35/40 MP: 3/3
  1561 | D:3      | Noticed Grinder
  1573 | D:3      | Paralysed by Grinder for 5 turns
  1583 | D:3      | Paralysed by Grinder for 3 turns
  1587 | D:3      | Killed Grinder
  1588 | D:3      | Reached skill level 5 in Long Blades
  1588 | D:3      | Reached skill level 5 in Armour
  1588 | D:3      | Reached skill level 1 in Dodging
  1588 | D:3      | Reached XP level 5. HP: 4/47 MP: 4/4
  1588 | D:3      | Reached XP level 6. HP: 4/53 MP: 5/5
  2093 | D:3      | Identified the +6 dagger "Kiciudeh" {vorpal, Drain Str-3
                  | Dex+4 Stlth+}
  2350 | D:3      | You fall into a shaft and drop 1 floor!
  2412 | D:4      | Noticed Duvessa
  2412 | D:4      | Noticed Dowan
  2423 | D:4      | Gained mutation: You are partially covered in iridescent
                  | scales. (AC +2) [potion of mutation]
  2423 | D:4      | Gained mutation: Your system is resistant to poisons.
                  | (rPois) [potion of mutation]
  2423 | D:4      | Gained mutation: You expend magic power (3 MP) to
                  | strengthen your wands. [potion of mutation]
  2425 | D:4      | Killed Duvessa
  2425 | D:4      | Killed from afar by Dowan

Illustrated notes

Levels and vault maps discovered:
D:1:      erik_arrival_triangle_small, layout_loops_cross
D:2:      layout_loops_ring, basic_ecumenical_altar,
          chequers_serial_rivers_micro_a, uniq_robin
D:3:      layout_loops_ring, grunt_ministairs_13, uniq_grinder
D:4:      layout_basic, minmay_temple_entry_stoned_glass,
          hangedman_abyss_or_decor_stabs, minmay_puff, uniq_duvessa,
          uniq_edmund, uniq_blork_the_orc

Skill      XL: |  1  2  3  4 |
---------------+-------------+-----
Fighting       | 4 |  4.6
Armour         | 4 5 |  5.4
Long Blades    | 3 5 |  5.1
Shields        | 4 |  4.4
Dodging        | 1 |  1.7
Stealth        | |  0.3

Action                   |  1- 3 |  4- 6 || total
-------------------------+-------+-------++-------
Melee: Long sword        |    87 |    80 ||   167
       Headbutt          |    13 |    12 ||    25
  Use: Potion            |       |     3 ||     3
Armor: Scale mail        |    48 |    48 ||    96
Dodge: Dodged            |    37 |    53 ||    90
Block: Buckler           |    37 |    17 ||    54
